Map: Honorgrounds LE

Players

CatZ - Winner!

  • Race: Zerg Zerg
  • Spawn Location: 5:00

Pono

  • Race: Zerg Zerg
  • Spawn Location: 11:00

Event: WCS Austin 2017

VOD

Have the link to the VOD?

Description

Time

  • Played on: April 28, 2017, 2:37 p.m.
  • Length: 3:25

All games in this series

Show
View Real Time Build Order
Export as new Build Order

CatZ Zerg - Winner!

Build Orders: Pool Only 

Get SALT Encoding   

  12  0:00  Drone  
  13  0:15  Drone, Extractor  
  13  0:29  Spawning Pool  
  13  0:33  Drone  
  13  0:39  Drone  
  14  0:49  Overlord  
  14  1:16  Zergling x6  
  14  1:18  Queen  
  19  1:27  Metabolic Boost  
  19  1:31  Zergling x2  
  20  1:38  Zergling x2  
  21  1:53  Baneling Nest  
  21  1:54  Zergling x2  
  21  1:59  Zergling x2  
  22  2:14  Overlord  
  22  2:34  Zergling x8  
  26  2:37  Baneling x2  
  26  2:42  Zergling x2  
  27  2:45  Baneling x2  
  26  3:01  Zergling x4  
  26  3:02  Baneling x2  
Show
View Real Time Build Order
Export as new Build Order

Pono Zerg 

Build Orders: Hatch First 

Get SALT Encoding   

  12  0:01  Drone  
  13  0:13  Overlord  
  13  0:18  Drone  
  14  0:31  Drone x2  
  14  0:35  Drone  
  17  0:50  Drone  
  18  0:57  Hatchery  
  18  1:00  Drone  
  18  1:04  Extractor  
  17  1:19  Spawning Pool  
  17  1:20  Drone  
  17  1:23  Drone  
  18  1:28  Drone  
  19  1:38  Overlord  
  19  2:07  Queen  
  21  2:10  Drone, Queen  
  21  2:13  Drone  
  25  2:15  Drone  
  25  2:20  Zergling x2  
  25  2:21  Zergling x2  
  28  2:25  Zergling x2  
  29  2:32  Zergling x2  
  29  2:36  Zergling x2  
  31  2:38  Spine Crawler  
  30  2:44  Spine Crawler  
  30  2:48  Zergling x2  
  30  2:50  Zergling x2  
  26  2:59  Zergling x4  
Tags
 
Add a new tag
Caveats
  • Supply blocks, unpowered buildings, or Contaminate may cause inaccurate times.
  • Supply counts are checked every 10 seconds.